 Dungeon Crawl Stone Soup version 0.29-a0-994-gc5c9f59d18 (webtiles) character file.

Game seed: 63315126953580760

58 RevDB the Trooper (level 3, 0/33 HPs)
             Began as a Draconian Transmuter on Aug 3, 2022.
             Slain by Sigmund
             ... wielding a +0 scythe
              (3 damage)
             ... on level 2 of the Dungeon.
             The game lasted 00:06:30 (996 turns).

RevDB the Trooper (Draconian Transmuter)             Turns: 996, Time: 00:06:31

Health: 0/33       AC:  5    Str: 14    XL:     3   Next: 76%
Magic:  3/6        EV: 12    Int: 13    God:
Gold:   105        SH:  0    Dex: 11    Spells: 3/6 levels left

rFire   . . .      SeeInvis .   f - +1 mace (protect)
rCold   . . .      Faith    .   (no shield)
rNeg    . . .      Spirit   .   (body armour unavailable)
rPois   .          Reflect  .   (helmet currently unavailable)
rElec   .          Harm     .   (no cloak)
rCorr   .          Rampage  .   (no gloves)
Will    +....                   (boots currently unavailable)
Stlth   +.........              (no amulet)
HPRegen 0.11/turn               c - ring of willpower
MPRegen 0.10/turn               (no ring)

@: appendages (expiring), very slightly contaminated
A: horns 2, talons 2, AC +5, unfitting armour, cold-blooded
a: End Transformation


You were on level 2 of the Dungeon.
You had temporarily grown beastly horns and talons.
You visited 1 branch of the dungeon, and saw 2 of its levels.

You collected 105 gold pieces.

Inventory:

Hand Weapons
 f - a +1 mace of protection (weapon)
Jewellery
 c - a ring of willpower (left hand)
 d - an amulet of faith
Scrolls
 b - a scroll of immolation {unknown}
 e - 2 scrolls of identify {unknown}
 h - a scroll of enchant weapon {unknown}
Potions
 a - 2 potions of lignification
 g - 3 potions of ambrosia {unknown}
 i - a potion of invisibility {unknown}


   Skills:
 + Level 3.6 Fighting
 - Level 1.7 Dodging
 - Level 3.4 Unarmed Combat
 - Level 2.0 Spellcasting
 - Level 2.0 Transmutations


You had 3 spell levels left.
You knew the following spells:

 Your Spells              Type           Power      Damage    Failure   Level
a - Beastly Appendage     Tmut           12%        N/A       11%         1
b - Wereblood             Tmut           6%         N/A       17%         2

Your spell library contained the following spells:

 Spells                   Type           Power      Damage    Failure   Level
 Magic Dart               Conj           4%         1d3       26%         1
 Searing Ray              Conj           2%         2d4       36%         2
 Static Discharge         Conj/Air       1%         3-4/arc   36%         2
 Spider Form              Tmut/Pois      3%         N/A       45%         3
 Ice Form                 Ice/Tmut       3%         N/A       86%         4
 Dispel Undead            Necr           1%         3d6       94%         4
 Fulminant Prism          Conj/Hex       0%         3d6       94%         4
 Sticky Flame             Conj/Fire      1%         2d3       94%         4


Dungeon Overview and Level Annotations

Branches:
Dungeon (2/15)

Altars:

Annotations:
D:2 Sigmund


Innate Abilities, Weirdness & Mutations

You have temporarily grown beastly horns and talons.
Your plain brown scales are hard. (AC +5)
You cannot fit into any form of body armour.
You are cold-blooded and may be slowed by cold attacks.


Message History

Found a stone staircase leading down.
i - a bubbling ruby potion
Found a fine short sword.
You now have 105 gold pieces (gained 11).
Found a scroll labelled EHERUC BEZXICH.
You see here 5 atropa-tipped darts.
Sigmund the Dreaded comes into view.
He is wielding a +0 scythe.
Sigmund shouts!
A frilled lizard comes into view.
Sigmund moves out of view.
Sigmund mumbles some strange words.
Sigmund flickers and vanishes!
Deactivating autopickup; reactivate with Ctrl-A.
You grow a pair of large bovine horns.
Your feet morph into talons.
Your transformation is almost over.
Casting: Beastly Appendage (safe; 11% risk of failure)
Confirm with . or Enter, or press ? or * to list all spells.
You miscast Wereblood.
You are very lightly contaminated with residual magic.
Nothing appears to happen.
A magic dart appears from out of thin air!
The magic dart hits you!
You closely miss the frilled lizard. Your kick misses the frilled lizard.
Your headbutt misses the frilled lizard.
You tail-slap the frilled lizard.
You kill the frilled lizard!
You hear some strange, mumbled words.
A puff of flame appears from out of thin air!
The puff of flame hits you!
* * * LOW HITPOINT WARNING * * *
You hear some strange, mumbled words.
A magic dart appears from out of thin air!
The magic dart hits you.
* * * LOW HITPOINT WARNING * * *
You hit something.
Your weapon exudes an aura of protection.
Your kick misses something. Something barely misses you.
You barely miss something. Something hits you but does no damage.
You barely miss something. Something hits you.
You die...

..........#.........)
............#####....
...........(####..#..
....<................
...†......#....#.#
...†......#....#.# ...
#[####....#......## ....
#.#>...##..###..(.#.....
.....#####..###.@{...?..
..<..# #...............
.....# #...............
###### #.........#....#
#.........###...
#>........# ###
#.........# #.........#
#.........#


There were no monsters in sight!

Vanquished Creatures
  An adder (D:2)
  A dart slug (D:1)
  6 ball pythons
  4 endoplasms
  2 giant cockroaches
  4 goblins
  5 hobgoblins
  4 jackals
  4 kobolds
  A quokka (D:2)
  3 bats (D:1)
  4 frilled lizards
  3 rats
42 creatures vanquished.

Notes
Turn   | Place    | Note
-------+----------+-------------------------------------------
     0 | D:1      | RevDB the Draconian Transmuter began the quest for the Orb.
     0 | D:1      | Reached XP level 1. HP: 16/16 MP: 3/3
    86 | D:1      | Reached XP level 2. HP: 18/25 MP: 3/5
    89 | D:1      | Learned a level 2 spell: Wereblood
   551 | D:1      | Reached XP level 3. HP: 31/31 MP: 6/6
   986 | D:2      | Noticed Sigmund
   996 | D:2      | Slain by Sigmund

Illustrated notes

Levels and vault maps discovered:
D:1:      minmay_arrival_loop, layout_basic, minmay_pentomino_r4
D:2:      layout_rooms, uniq_terence, uniq_robin, uniq_sigmund

Skill      XL: |  1  2 |
---------------+-------+-----
Fighting       | 2 3 |  3.6
Dodging        | |  1.7
Unarmed Combat | |  3.4
Spellcasting   | |  2.0
Transmutations | |  2.0

Action                   || total
-------------------------++-------
Melee: Unarmed           ||    73
       Tailslap          ||    11
       Headbutt          ||     7
       Kick              ||    10
       Punch             ||     2
       Mace              ||    36
 Cast: Beastly Appendage ||    14
       Wereblood         ||     3
 Stab: Sleeping          ||     1
Armor: Skin              ||    49
Dodge: Dodged            ||    87

Table legend: (Time is in decaauts)
 A = Elapsed time spent in this place.
 B = Non-inter-level travel time spent in this place.
 C = Inter-level travel time spent in this place.
 D = Time resting spent in this place.
 E = Time spent auto-exploring this place.
 F = Levels seen in this place.
 G = Mean time per level.
                   A        B        C        D        E       F      G
               +--------+--------+--------+--------+--------+-----+--------+
         Total |   1008 |    999 |      9 |      0 |    380 |   2 |  504.0 |
       Dungeon |   1008 |    999 |      9 |      0 |    380 |   2 |  504.0 |
               +--------+--------+--------+--------+--------+-----+--------+

Top non-repeatable levels by time:
     D:1: 859 daAuts
     D:2: 149 daAuts
